 Dungeon Crawl Stone Soup version 0.27.1-1-g398f81649c (webtiles) character file.

Game seed: 4921409939307754078

30 MajorAdolf the Skirmisher (level 3, -7/36 HPs)
             Began as a Naga Wanderer on Sept 11, 2021.
             Mangled by Terence (11 damage)
             ... on level 2 of the Dungeon.
             The game lasted 00:03:20 (2386 turns).

MajorAdolf the Skirmisher (Naga Wanderer)           Turns: 2386, Time: 00:03:20

Health: -7/36      AC:  6    Str: 17    XL:     3   Next: 18%
Magic:  3/3        EV:  1    Int:  9    God:
Gold:   36         SH:  7    Dex: 11    Spells: 2/2 levels left

rFire    . . .     SeeInvis +   a - +2 dagger
rCold    . . .     Faith    .   i - +0 kite shield
rNeg     . . .     Spirit   .   l - +1 chain mail {Will+}
rPois    +         Reflect  .   (no helmet)
rElec    .         Harm     .   (no cloak)
rCorr    .         Rampage  .   (no gloves)
Will     +....                  (no barding)
Stlth    ..........             (no amulet)
HPRegen  0.12/turn              (no ring)
MPRegen  0.08/turn              (no ring)

@: very slow
A: AC +1, large, see invisible, deformed body, poison resistance, slowness 2,
spit poison 1, naga tail 1
a: Spit Poison


You were on level 2 of the Dungeon.
You visited 1 branch of the dungeon, and saw 2 of its levels.

You collected 36 gold pieces.

Inventory:

Hand Weapons
 a - a +2 dagger (weapon)
 c - a +0 spear
Armour
 e - a +0 robe
 i - a +0 kite shield (worn)
 k - a +0 scale mail
 l - a +1 chain mail of willpower (worn)
Jewellery
 m - a ring of magical power
Scrolls
 f - a scroll of summoning {unknown}
 h - a scroll of identify {unknown}
 j - a scroll of fear {unknown}
 n - a scroll of teleportation {unknown}
Potions
 g - a potion of haste {unknown}
Miscellaneous
 d - a piece from Xom's chessboard (inert) (quivered)


   Skills:
 - Level 4.0 Fighting
 - Level 1.0 Short Blades
 - Level 1.0 Throwing
 + Level 1.0 Armour
 - Level 3.0 Stealth
 + Level 0.3 Shields
 + Level 2.9 Evocations


You had 2 spell levels left.
You didn't know any spells.
Your spell library contained the following spells:

 Spells                   Type           Power      Damage    Failure   Level
 Summon Small Mammal      Summ           0%         N/A       100%        1
 Call Canine Familiar     Summ           0%         N/A       100%        3
 Summon Guardian Golem    Hex/Summ       0%         N/A       100%        3


Dungeon Overview and Level Annotations

Branches:
Dungeon (2/15)

Altars:
Beogh

Annotations:
D:2 Terence


Innate Abilities, Weirdness & Mutations

Your serpentine skin is tough. (AC +1)
You have supernaturally acute eyesight. (SInv)
Armour fits poorly on your strangely shaped body.
Your system is resistant to poisons. (rPois)
You cover ground very slowly.
You can spit poison.
You have a snake-like lower body.


Message History

Unknown command.
Terence hits you with a +0 flail!
* * * LOW HITPOINT WARNING * * *
You have got your breath back.
You feel much better.
Terence looks more healthy.
Terence hits you with a +0 flail.
Unknown command.
Press: ? - help, Shift-Dir - straight line, f/p - Terence
Aim: Terence, wielding a +0 flail and wearing a +0 scale mail (severely wounded, slightly transparent)
The splash of poison hits Terence but does no damage.
Terence is severely wounded.
Terence barely misses you.
Unknown command.
Terence hits you with a +0 flail!
You have got your breath back.
Press: ? - help, Shift-Dir - straight line, f/p - Terence
Aim: Terence, wielding a +0 flail and wearing a +0 scale mail (severely wounded, slightly transparent)
The splash of poison hits Terence but does no damage.
Terence is poisoned.
Terence is severely wounded.
Terence hits you with a +0 flail.
* * * LOW HITPOINT WARNING * * *
Terence hits you but does no damage.
You have got your breath back.
Terence hits you with a +0 flail.
* * * LOW HITPOINT WARNING * * *
Press: ? - help, Shift-Dir - straight line, f/p - Terence
Aim: Terence, wielding a +0 flail and wearing a +0 scale mail (almost dead, slightly transparent, poisoned)
The splash of poison misses Terence.
Terence screams, "I want your blood!" You block Terence's attack.
Unknown command.
Terence looks more healthy.
Terence hits you with a +0 flail.
* * * LOW HITPOINT WARNING * * *
There is an open door here.
Unknown command.
You have got your breath back.
Terence hits you with a +0 flail!
You die...

..........#.. ..........#.#
..........#.# ..........#.#
..........#.# ..........#.#
#######'###.# .
.......@....#
.###############@##..#####.#
...............#.##........#
..............#..##.########
....8........#.#.##.#
.........[..#.##.##.#
.....8.....#.###.##)#
..........#.## #.##.#
....8....#.## #.##..
.#..#...#.### #.###


You could see Terence (invisible).

Vanquished Creatures
  A dart slug (D:2)
  3 endoplasms (D:1)
  A giant cockroach (D:2)
  2 goblins
  4 hobgoblins (D:1)
  3 kobolds
  2 quokkas (D:1)
  3 bats (D:1)
  4 frilled lizards (D:1)
  3 rats
26 creatures vanquished.

Notes
Turn   | Place    | Note
-------+----------+-------------------------------------------
     0 | D:1      | MajorAdolf the Naga Wanderer began the quest for the Orb.
     0 | D:1      | MajorAdolf set off with the following items: a +2 dagger, a
                  | potion of heal wounds, a +0 spear, a piece from Xom's
                  | chessboard (15/15), a +0 robe
     0 | D:1      | Reached XP level 1. HP: 22/22 MP: 1/1
   664 | D:1      | Reached XP level 2. HP: 29/30 MP: 2/2
  1723 | D:1      | Noticed an orc warrior
  1983 | D:2      | Reached XP level 3. HP: 30/36 MP: 3/3
  2354 | D:2      | Noticed Terence
  2386 | D:2      | Mangled by Terence

Illustrated notes

Levels and vault maps discovered:
D:1:      erik_arrival_cave_to_civilisation [erik_arrival_cave_to_temple],
          layout_basic
D:2:      wad_pebble_path, layout_basic, uniq_terence

Skill      XL: |  1 |
---------------+----+-----
Evocations     | 2 |  2.9
Fighting       | |  4.0
Short Blades   | |  1.0
Throwing       | |  1.0
Armour         | |  1.0
Stealth        | |  3.0
Shields        | |  0.3

Action                   || total
-------------------------++-------
Melee: Dagger            ||    70
 Abil: Spit Poison       ||    13
Evoke: Piece from Xom's  ||    16
  Use: Potion            ||     1
 Stab: Sleeping          ||     4
Armor: Robe              ||     7
       Scale mail        ||     7
       Chain mail        ||     1
       Skin              ||     1
Dodge: Dodged            ||    32
Block: Kite shield       ||     3
